 Dungeon Crawl Stone Soup version 0.29.1-1-gd02db6906a (webtiles) character file.

Game seed: 10868250925338635080

45 GeoRichter the Slasher (level 3, 2/27 HPs)
             Began as a Merfolk Gladiator on Oct 18, 2022.
             Quit the game on level 2 of the Dungeon.
             The game lasted 00:01:49 (1428 turns).

GeoRichter the Slasher (Merfolk Gladiator)          Turns: 1428, Time: 00:01:50

Health: 2/27       AC:  5    Str: 14    XL:     3   Next: 64%
Magic:  3/3        EV: 13    Int:  7    God:
Gold:   123        SH:  0    Dex: 17    Spells: 2/2 levels left

rFire   . . .      SeeInvis .   a - +0 long sword
rCold   . . .      Faith    .   (no shield)
rNeg    . . .      Spirit   .   b - +0 leather armour
rPois   .          Reflect  .   c - +0 helmet
rElec   .          Harm     .   (no cloak)
rCorr   .          Rampage  .   (no gloves)
Will    .....                   g - +0 pair of boots
Stlth   +.........              (no amulet)
HPRegen 0.09/turn               (no ring)
MPRegen 0.08/turn               (no ring)

@: lethally poisoned (2 -> -3)
A: (nimble swimmer 2), mertail
a: no special abilities


You were on level 2 of the Dungeon.
You visited 1 branch of the dungeon, and saw 2 of its levels.

You collected 123 gold pieces.

Inventory:

Hand Weapons
 a - a +0 long sword (weapon)
Missiles
 d - 3 throwing nets (quivered) {!f}
 e - a javelin
Armour
 b - a +0 leather armour (worn)
 c - a +0 helmet (worn)
 g - a +0 pair of boots (worn)
   (You found it on level 1 of the Dungeon)
Jewellery
 k - a ring of flight
   (You found it on level 1 of the Dungeon)
Scrolls
 f - 6 scrolls of identify {unknown}
 h - a scroll of blinking {unknown}
 i - 2 scrolls of acquirement {unknown}
 j - a scroll of teleportation {unknown}
 l - 3 scrolls of silence {unknown}


   Skills:
 - Level 2.1 Fighting
 * Level 5.5 Long Blades
 - Level 2.0 Throwing
 - Level 4.0 Dodging


You had 2 spell levels left.
You didn't know any spells.
Your spell library contained the following spells:

 Spells                   Type           Power      Damage    Failure   Level
 Necrotise                Necr           0%         1d4       52%         1
 Ensorcelled Hibernation  Hex/Ice        0%         N/A       65%         2
 Passwall                 Tmut/Erth      0%         N/A       65%         2
 Swiftness                Air            0%         N/A       87%         3
 Vampiric Draining        Necr           0%         2d6       87%         3
 Agony                    Necr           0%         N/A       100%        5


Dungeon Overview and Level Annotations

Branches:
Dungeon (2/15) Zot: 10557

Altars:

Shops:
D:1 =


Innate Abilities, Weirdness & Mutations

((You are very nimble when in or above water. (Stealth+, EV+, Speed+++)))
Your lower body shifts to a powerful aquatic tail in water.


Message History

A hobgoblin comes into view.
You see here a worm corpse.
The hobgoblin shouts!
The hobgoblin drinks a potion.
The hobgoblin seems to speed up.
You closely miss the hobgoblin. The hobgoblin barely misses you.
The hobgoblin misses you.
You slash the hobgoblin!
You kill the hobgoblin!
No target in view!
No target in view!
f - 6 scrolls labelled WAOLAU ROEHUM (gained 2)
You see here a +0 hand axe.
Found a dagger.
Found a stone staircase leading up.
An adder is nearby!
Found a leather armour.
There is an open door here.
An endoplasm comes into view.
The endoplasm quivers.
You miss the adder. The adder closely misses you. The adder bites you.
You closely miss the adder. The adder bites you.
You are poisoned.
The adder poisons you!
You closely miss the adder.
You feel sick. The adder bites you.
You are more poisoned.
The adder poisons you!
A kobold comes into view. It is wielding a +0 rapier.
The kobold shouts!
You hit the adder.
You feel sick. The adder barely misses you. The adder misses you.
The endoplasm barely misses you.
You closely miss the adder.
You feel sick. The adder bites you.
* * * LOW HITPOINT WARNING * * *
You are lethally poisoned!
The adder poisons you! The endoplasm closely misses you.
The goblin shouts!
You hit the adder.
* * * LOW HITPOINT WARNING * * *
You feel very sick. The adder closely misses you.
The endoplasm barely misses you. The adder closely misses you.
It was a potion of cancellation.
You feel magically purged.
* * * LOW HITPOINT WARNING * * *
You feel sick. The adder barely misses you. The endoplasm closely misses you.
You miss the adder.
* * * LOW HITPOINT WARNING * * *
You feel sick. The adder barely misses you. The endoplasm freezes you.
You are frozen.
* * * LOW HITPOINT WARNING * * *
The adder closely misses you.

###.#.# #.......#
......# ###.....#####
###.### ##......<.. #.#
##.####### ##.# #.# #..#
#.# #.## ##'## #.#
##...## #.#### #...@.#
#.##.## #...KSJ.#
##)#...####..........#
..........'......g......
##.#...####...#.....#..#
#.##.## ##..##.#[##..#
#.##†# ##...###. ..
#.##.# .##.# ## ##.##.#
#


g You could see an adder, an endoplasm, a goblin and a kobold.

Vanquished Creatures
  A worm (D:2)
  4 endoplasms
  A giant cockroach (D:2)
  7 goblins
  6 hobgoblins
  4 kobolds
  2 quokkas (D:1)
  3 ball pythons
  3 frilled lizards
  7 rats
38 creatures vanquished.

Notes
Turn   | Place    | Note
-------+----------+-------------------------------------------
     0 | D:1      | GeoRichter the Merfolk Gladiator began the quest for the
                  | Orb.
     0 | D:1      | Reached XP level 1. HP: 16/16 MP: 1/1
    87 | D:1      | Reached skill level 4 in Long Blades
    94 | D:1      | Reached XP level 2. HP: 19/22 MP: 2/2
   510 | D:1      | Found Nouruzaugo's Jewellery Boutique.
   627 | D:1      | Reached XP level 3. HP: 27/27 MP: 3/3
   645 | D:1      | Reached skill level 5 in Long Blades
  1428 | D:2      | Quit the game

Illustrated notes

Levels and vault maps discovered:
D:1:      lightli_arrival_quake, layout_loops_ring, serial_shops, shop,
          minmay_misc_feat_tiny, minmay_hexomino_u4
D:2:      layout_loops_corners, minmay_tall_x

Skill      XL: |  1  2  3 |
---------------+----------+-----
Long Blades    | 4 5 |  5.5
Fighting       | |  2.1
Throwing       | |  2.0
Dodging        | |  4.0

Action                   || total
-------------------------++-------
Melee: Long sword        ||    94
       Punch             ||     1
  Use: Potion            ||     1
 Stab: Sleeping          ||     4
Armor: Leather armour    ||    20
Dodge: Dodged            ||    58
